[Event "Romanian Rapid Open 2022"]
[Site "Sebes"]
[Date "2022.12.02"]
[Round "4.37"]
[White "Apostu, Rares-Stefan"]
[Black "Negrean, Andrei"]
[Result "0-1"]
[ECO "B48"]
[WhiteElo "1331"]
[BlackElo "1991"]
[Annotator "TA"]
[PlyCount "138"]
[EventDate "2022.12.02"]
[EventType "rapid"]
[EventCountry "ROU"]
[SourceTitle "playchess.com"]
[Source "ChessBase"]
[SourceQuality "1"]
[TimeControl "600+5"]

1. e4 c5 2. Nf3 Nc6 3. d4 cxd4 4. Nxd4 Qc7 5. Nc3 e6 6. Be3 a6 7. Bd3 Nf6 8. O-O Nxd4 9. Bxd4 Bc5 10. Bxc5 Qxc5 11. Qe2 {[%emt 0:00:00] [#] And now e5 would win.} d6 {[%emt 0:00:13] B48: Sicilian: Taimanov: 5 Nc3 Qc7 6 Be3 a6 without Be2.} 12. Rad1 b5 {[%emt 0:00:34] [#]} 13. Rfe1 $146 ({Predecessor:} 13. Kh1 Bb7 14. a3 h5 15. h3 h4 16. Rfe1 Nh5 17. Qd2 O-O-O 18. b4 Qe5 19. a4 Bc6 20. Ra1 Nf4 21. axb5 axb5 22. Nxb5 Qg5 23. Bf1 Bxb5 24. Qc3+ Kb8 25. Ra5 {1-0 (25) Tirard,H (2395)-Hegeler,F (2285) Hamburg 1996}) 13... e5 {[%emt 0:00:11] The position is equal.} 14. Nd5 Nxd5 15. exd5 O-O 16. Kh1 f5 17. f3 {[%emt 0:00:00] Inhibits e4.} Bd7 18. Qe3 Rac8 19. c3 Qxe3 20. Rxe3 Rc5 21. Bc2 b4 22. Bb3 bxc3 23. bxc3 (23. Rxc3 $17 Rxc3 24. bxc3) 23... f4 24. Red3 (24. Re2 {was called for.}) 24... Bf5 $19 25. R3d2 Rxc3 26. Kg1 Rfc8 27. Kf2 Kf7 28. Ke2 g5 29. Kf2 h5 30. g3 Rg8 31. Re2 $2 (31. Rf1) 31... g4 32. gxf4 gxf3 {[%emt 0:00:13] [#] ( -> ...Rg2+)} 33. Re3 Rxe3 34. Kxe3 {[%emt 0:00:03][%mdl 4096] Endgame KRB-KRB} e4 35. Bc2 (35. Bc4 $142 Rc8 36. Rd4) 35... Rg2 36. Bxe4 Re2+ 37. Kxf3 Rxe4 {[%emt 0:00:12] KRB-KR} 38. Rc1 Ra4 39. Rc6 Ke7 40. Rc7+ Kf6 41. Rc6 Ra3+ 42. Kf2 Rxa2+ 43. Kg3 Ra3+ 44. Kf2 Ke7 45. Rc7+ Ke8 46. Rc6 Kd7 47. Rc4 Rd3 48. Ra4 {[%emt 0:00:06] Inhibits a5.} Rxd5 49. Rxa6 Rd2+ 50. Kg3 Rd3+ 51. Kf2 h4 52. Ra7+ Ke6 {[%emt 0:00:01] aiming for ...Rd2+.} 53. Ra8 Rd2+ 54. Kg1 h3 {[%emt 0:00:02] Black mates.} 55. Re8+ Kd5 56. Rf8 Ke4 57. Re8+ Kf3 58. Re1 Kxf4 59. Rf1+ Kg4 60. Re1 d5 61. Rf1 Be4 62. Rf2 Rxf2 63. Kxf2 {[%emt 0:00:01] KB-KP} d4 64. Ke2 Kf4 65. Kf2 d3 66. Ke1 Ke3 67. Kd1 Bf3+ 68. Ke1 d2+ 69. Kf1 d1=Q# {[%emt 0:00:02] White did not feel at home in the position after the opening.   Weighted Error Value: White=0.51/Black=0.09 (flawless)} 0-1

[Event "Romanian Rapid Open 2022"]
[Site "Sebes"]
[Date "2022.12.02"]
[Round "4.38"]
[White "Mihaila, Cezar-Stefan"]
[Black "Jiros, Doru"]
[Result "1/2-1/2"]
[ECO "B01"]
[WhiteElo "1035"]
[BlackElo "1936"]
[Annotator "TA"]
[PlyCount "63"]
[EventDate "2022.12.02"]
[EventType "rapid"]
[EventCountry "ROU"]
[SourceTitle "playchess.com"]
[Source "ChessBase"]
[SourceQuality "1"]
[TimeControl "600+5"]

1. e4 d5 2. exd5 Qxd5 3. Nc3 Qd6 4. Nf3 c6 5. d4 Bg4 6. Be2 {[%emt 0:00:00] B01: Scandinavian Defence.} Nf6 {[%emt 0:00:06] Against Ne4} 7. O-O (7. Bg5 {is more complex.} e6 8. Ne5 Bxe2 9. Qxe2 Qxd4 10. Rd1) 7... e6 8. Bg5 {[%emt 0:00:00] White is slightly better.} Nbd7 9. h3 Bh5 {[%emt 0:00:05] [#]} (9... h6 $5 10. Bxf6 Bxf3 11. Bxf3 Nxf6 $11) 10. Qd3 $146 ({Predecessor:} 10. Bh4 Bxf3 11. Bxf3 Qc7 12. Re1 Be7 13. Bg3 Bd6 14. Bxd6 Qxd6 15. d5 cxd5 16. Nxd5 {½-½ (32) Movsesian,S (2688)-Tiviakov,S (2655) Wijk aan Zee 2013}) 10... Bg6 11. Qe3 Be7 12. Bd3 (12. Bf4 $5 Qb4 13. Rfc1 $14) 12... Bxd3 13. cxd3 (13. Qxd3 $11 Qc7 14. g3) 13... O-O 14. Ne4 Qb4 15. Nxf6+ Bxf6 16. Bxf6 Nxf6 17. Ne5 Rad8 ({Inferior is} 17... Qxb2 18. Rab1 Qxa2 19. Rxb7 $15) 18. Nc4 ({White should play} 18. Nf3) 18... Rd5 $17 19. a3 Qe7 20. Rac1 Rfd8 21. Na5 $2 {[%emt 0:00:00][%mdl 8192] [#]} (21. Ne5 $17) 21... Rxd4 $2 (21... Rxa5 $19 {is more deadly.} 22. Rc4 Rb5) 22. Rfd1 h6 23. Nb3 R4d5 ({Better is} 23... Rh4 24. Qc5 Qxc5 25. Rxc5 g6) 24. Rc5 (24. Qxa7 $17 {was worth a try.} Nh5 25. Qe3 (25. Nc5 $2 Nf4 $19)) 24... Rxc5 25. Nxc5 b6 26. Ne4 Nxe4 27. Qxe4 $19 {[%emt 0:00:00] KQR-KQR} Qd6 28. Rc1 Qxd3 29. Qxc6 Qd2 30. Qc7 Qd7 31. Qc4 Qd5 32. Qc7 {[%emt 0:00:00] Weighted Error Value: White=0.44/Black=0.31} 1/2-1/2

[Event "Romanian Rapid Open 2022"]
[Site "Sebes"]
[Date "2022.12.02"]
[Round "4.39"]
[White "Nastore, Pavel-Alexandru"]
[Black "Draga, Laurentiu"]
[Result "1-0"]
[ECO "D02"]
[WhiteElo "2218"]
[BlackElo "1404"]
[Annotator "TA"]
[PlyCount "123"]
[EventDate "2022.12.02"]
[EventType "rapid"]
[EventCountry "ROU"]
[SourceTitle "playchess.com"]
[Source "ChessBase"]
[SourceQuality "1"]
[TimeControl "600+5"]

1. d4 d5 2. Nf3 Nf6 3. g3 e6 4. Bg2 c6 5. O-O h6 6. c4 {[%emt 0:00:01] D02: 1 d4 d5 2 Nf3 sidelines, including 2...Nf6 3 g3 and 2...Nf6 3 Bf4.} b6 7. Qc2 {[%emt 0:00:07] [#]} Ba6 $146 ({Predecessor:} 7... Bd6 8. Nbd2 Nbd7 9. a3 Bb7 10. b4 c5 11. dxc5 bxc5 12. bxc5 Bxc5 13. Bb2 O-O {1-0 (54) Mrzic,B (2036)-Meszaros,F (1905) Senta 2008}) 8. b3 {[%emt 0:00:03] White is slightly better.} Bd6 9. Bb2 Nbd7 10. Nbd2 Rc8 11. e4 dxe4 12. Nxe4 Nxe4 13. Qxe4 Nf6 14. Qe3 O-O 15. Rfd1 Be7 16. Rac1 Re8 17. Ne5 {[%emt 0:00:03] aiming for b4.} Bb7 $1 18. Qe2 Qc7 (18... Rc7 $14) 19. c5 (19. d5 $1 $16 exd5 20. cxd5) 19... b5 20. Re1 {[%emt 0:00:24] White has more active pieces.} Nd5 21. Rcd1 (21. Nxf7 Kxf7 22. Qxe6+ Kf8 $11) 21... b4 22. Qd2 (22. Nxf7 Kxf7 23. a3 (23. Qxe6+ Kf8 $17) 23... bxa3 24. Qxe6+ Kf8 25. Bxa3 (25. Bxd5 $2 cxd5 26. Bxa3 Bc6 $19) 25... Bf6 26. Qd6+ Kf7 27. Rxe8 Qxd6 28. cxd6 Rxe8 $17) 22... a5 23. a3 bxa3 24. Bxa3 Ra8 25. Nc4 a4 {[%emt 0:00:37] [#]} 26. Bxd5 $1 cxd5 27. Nb6 Ra7 28. bxa4 ({Much less strong is} 28. Nxa4 Bc6 $14) 28... Ba6 29. Bb4 Bf6 (29... Bg5 $16 30. f4 Bd8) 30. a5 (30. Nxd5 $18 Qd8 31. Nxf6+ Qxf6 32. d5) 30... Bb7 $16 31. Rc1 Bc6 32. Qd3 Rb8 (32... e5 $142) 33. Bd2 {[%emt 0:00:25] And now Bf4 would win.} Qd8 34. Ra1 {[%emt 0:00:16] Threatens to win with Bf4.} Bg5 (34... g5 $16 {is a better defense.} 35. a6 Qf8) 35. Bxg5 $18 Qxg5 36. Qe3 Qg6 37. Qe5 Rf8 (37... Rd8 38. Qe2 Re8) 38. Qd6 Bb5 39. c6 Qc2 {[%emt 0:00:39] Against c7} 40. Rec1 Qe4 41. c7 Be2 {[%emt 0:00:10] [#]} 42. Qxf8+ $3 Kxf8 43. c8=Q+ (43. c8=B $2 {loses.} Bf3 44. Re1 {[#]} Rxa5 $3 45. Nd7+ Kg8 $19) 43... Ke7 44. Rc7+ Rxc7 45. Qxc7+ Kf6 46. Qf4+ Qxf4 47. gxf4 {[%emt 0:00:01] Hoping for a6.} Kf5 48. a6 g5 49. a7 {[%emt 0:00:02] White mates.} Kxf4 50. a8=Q f5 51. Qb8+ Kg4 52. Ra3 f4 53. h3+ Kf5 54. Qe5+ Kg6 55. Qxe6+ Kh5 56. Qxe2+ Kg6 57. Nxd5 Kf5 58. Ne7+ Kf6 59. Ra6+ Kf7 60. Qe6+ Kf8 61. Ra8+ Kg7 62. Qg6# {[%emt 0:00:02] Weighted Error Value: White=0.15 (very precise) /Black=0.55} 1-0

[Event "Romanian Rapid Open 2022"]
[Site "Sebes"]
[Date "2022.12.02"]
[Round "4.40"]
[White "Butuza, Stefan Aurelian"]
[Black "Ambru, Dan-Calin"]
[Result "0-1"]
[ECO "B22"]
[WhiteElo "1529"]
[BlackElo "1957"]
[Annotator "TA"]
[PlyCount "104"]
[EventDate "2022.12.02"]
[EventType "rapid"]
[EventCountry "ROU"]
[SourceTitle "playchess.com"]
[Source "ChessBase"]
[SourceQuality "1"]
[TimeControl "600+5"]

1. e4 c5 2. c3 e5 3. Nf3 Nc6 4. Bc4 Qc7 5. d3 Be7 {[%emt 0:00:06] [#]} 6. Be3 $146 {[%emt 0:00:18] B22: Sicilian: 2 c3.} ({Predecessor:} 6. Nbd2 Nf6 7. Nf1 Na5 8. Qc2 d5 9. exd5 O-O 10. Ne3 Nxc4 11. dxc4 e4 12. Nd2 Qe5 13. f3 {½-½ (54) Tzermiadianos,A (2425)-Rombaldoni,A (2448) Trieste 2010}) 6... Nf6 7. a3 O-O 8. O-O {[%emt 0:00:09] The position is equal.} Rd8 9. Ng5 Rf8 ({Don't do} 9... d5 10. exd5 Rxd5 11. Bxd5 Nxd5 12. Qf3 Bxg5 13. Bxg5 $16 (13. Qxd5 Be7 $14)) 10. Qb3 Nd8 $1 11. f4 Ng4 (11... b5 $5 12. Bd5 (12. Bxb5 Rb8 $15) (12. Qxb5 Ng4 $15) 12... Rb8 $11) 12. Bc1 {[%emt 0:01:12] h3 is the strong threat.} exf4 13. Bxf4 Bd6 14. Bxd6 Qxd6 {[%emt 0:00:02][%csl Gg4][%cal Rd6h2] Really sharp!} 15. g3 {[%emt 0:00:02] [#]} (15. Nf3 $11 {was the only way to keep the balance.}) 15... Ne6 (15... Qh6 $1 $17 16. h4 (16. Nxf7 $2 Qxh2#) 16... Ne6) 16. Nxe6 $15 dxe6 17. Nd2 Rb8 {[%emt 0:01:01][%cal Ob7b5] White must now prevent ...b5!} 18. a4 Bd7 19. Rae1 a6 20. Rf4 {[%emt 0:00:13] Against b5} (20. a5 $17) 20... Ne5 (20... b5 $19 21. Rxg4 bxc4) 21. Qc2 $2 {[%emt 0:00:19][%mdl 8192] White does not recover from this.} (21. a5 $17) 21... b5 $19 22. axb5 axb5 23. Ba2 Qxd3 (23... Nxd3 $142 24. Rff1 Nxe1 25. Rxe1 c4) 24. Bb1 Qxc2 25. Bxc2 Bc6 26. Nb3 c4 27. Nd4 Bd7 28. Ref1 (28. Rff1 $17 {is a better defense.}) 28... Ra8 29. R4f2 Ra2 30. Bb1 Ra1 31. Kg2 h5 32. h3 Ra7 33. Bc2 Rb8 34. Nf3 Nxf3 35. Rxf3 Bc6 36. Rf4 (36. Re3 {was worth a try.}) 36... b4 37. Kg1 b3 38. Bb1 (38. Bd1 Ra2 39. R1f2) 38... Rd8 {[%emt 0:00:05] [#] aiming for ...e5.} 39. R4f2 f6 40. Kh2 (40. e5 $142 f5 41. Re1) 40... e5 41. g4 hxg4 42. hxg4 Rad7 43. Kg3 Rd2 44. Kg2 Rd1 {[%emt 0:00:06][%cal Od1b1] And now ...Rxb1! would win.} 45. Kg3 R8d2 46. Rxd2 Rxd2 {[%emt 0:00:03][%mdl 4096] Endgame KRB-KRB} 47. Rf2 Rd1 48. g5 Rg1+ {[%emt 0:00:13] Black mates.} 49. Kh2 Rxb1 50. gxf6 gxf6 51. Rxf6 Bxe4 52. Re6 Rxb2+ {[%emt 0:01:17] Weighted Error Value: White=0.65/Black=0.25 (precise)} 0-1

[Event "Romanian Rapid Open 2022"]
[Site "Sebes"]
[Date "2022.12.02"]
[Round "5.1"]
[White "Ardelean, George-Catalin"]
[Black "Dragomirescu, Robin-Alexandru"]
[Result "0-1"]
[ECO "C56"]
[WhiteElo "2473"]
[BlackElo "2337"]
[Annotator "TA"]
[PlyCount "128"]
[EventDate "2022.12.02"]
[EventType "rapid"]
[EventCountry "ROU"]
[SourceTitle "playchess.com"]
[Source "ChessBase"]
[SourceQuality "1"]
[TimeControl "600+5"]

1. e4 Nc6 2. d4 e5 3. Nf3 exd4 4. Bc4 Nf6 5. e5 d5 6. Bb5 Ne4 7. Nxd4 Bd7 8. Bxc6 bxc6 9. O-O Bc5 10. f3 Ng5 11. Be3 O-O 12. f4 Ne4 13. Nd2 f6 {[%emt 0:02:27] C56: Two Knights: 4 d4 exd4 5 0-0 Nxe4.} 14. Nxe4 dxe4 15. Qe2 {[%emt 0:00:32] And now Qc4+ would win.} Qe7 (15... Bb6 $11 {remains equal.}) 16. Nb3 (16. Qc4+ $16 Kh8 17. Nf5 $1 Bxe3+ 18. Nxe3) 16... Bxe3+ (16... Bb6 $1 $11 {keeps the balance.}) 17. Qxe3 $16 fxe5 18. Qxe4 Bf5 19. Qc4+ Be6 20. Qxc6 Bxb3 21. axb3 exf4 22. Rae1 {[%emt 0:00:17] [#] Prevents Qe3+.} Qf7 $146 ({Predecessor:} 22... Qf6 23. Qc4+ Kh8 24. Re4 g5 25. c3 Qb6+ 26. Kh1 Rae8 27. h3 Rxe4 28. Qxe4 Qf6 {½-½ (66) Vrencian,L (2334)-Petran,P (2306) Hungary 2018}) 23. Qc5 (23. g3 $16) 23... Rad8 24. Re7 (24. Qxa7 $14 Rd2 25. Rf2 Rxf2 26. Qxf2) 24... Qg6 $1 $11 25. Qc4+ (25. Qxa7 $2 f3 26. Qf2 fxg2 $19) (25. Qxc7 Rc8 26. Qb7 Rxc2 27. Qd5+ Kh8 $11) (25. Re2 {simplifies} Qb6 26. Qxb6 axb6 27. h4) 25... Kh8 26. Re6 (26. Qe4 {simplifies} Rd2 27. Qxg6 hxg6 28. Rxc7 Re8 29. Rc5) 26... Qg5 27. Re2 f3 28. Ref2 Qe3 {[%emt 0:00:06] Threatens to win with ...Rd2.} 29. Qc3 {[%emt 0:00:11] Against Rd2} Qb6 $132 {[%emt 0:00:04][%mdl 2048] Black is not holding back} 30. gxf3 Rd6 (30... h6 {with more complications.} 31. Kg2 Rf6 32. Qe1 Re6) 31. Kh1 (31. Kg2 {looks sharper.} Rc6 32. Qd2 h6 33. Kh1) 31... Rdf6 (31... Rd1 {seems wilder.} 32. Rg1 Rxg1+ 33. Kxg1 h6) 32. Rg2 h6 33. Rg3 (33. Rd1 {simplifies} Rg6 34. Rd4 Re8 35. Rxg6 Qxg6 36. Qd2) 33... R8f7 34. Kg2 (34. Re1 {simplifies} Re6 35. b4 Rxe1+ 36. Qxe1 Qd6 37. c3) 34... Rc6 35. Qd2 Qc5 36. Rf2 (36. Qd8+ {is more complex.} Kh7 37. Qd3+ g6 38. Rf2) 36... Qf5 37. c3 Rd6 38. Qe3 Rd3 {[%emt 0:00:03] Inhibits b4.} (38... c5 $11) 39. Qxa7 $14 Rd1 40. Re2 Kh7 41. Qe3 Qb5 (41... c5 $142) 42. Qe4+ Rf5 43. c4 Qc5 {[%emt 0:00:02] [#]} (43... Qd7 $142 44. b4 Rd4) 44. Rf2 (44. b4 $1 $18 {[%cal Rb4c5] has better winning chances.} Qf8 45. Rg4) 44... Rd4 $16 45. Qe8 (45. Qe6 $16 {Qg6+ would kill now.} Kh8 46. b4) 45... Rd6 {[%emt 0:00:10] [#]} (45... Qd6 $11 {and Black stays safe.}) 46. Qe4 (46. Qe7 $1 $18 Rg6 47. Re2) 46... Rd4 $1 47. Qc2 (47. Qe6 {keeps more tension.} Rf6 48. Qe3 Qd6 49. Re2) 47... Qe5 (47... g6 $14) 48. Re2 (48. Rg4 $16 Rd7 49. Rd2 Rxd2+ 50. Qxd2) 48... Qf6 49. Rg4 {[%emt 0:00:05] Black must now prevent Rxd4.} c5 (49... Rd7 $16) 50. Rg3 $2 ({Better is} 50. Rxd4 $18 cxd4 51. Qe4) 50... h5 51. Rf2 (51. Re3 $14 {is more appropriate.}) 51... Kh6 $11 52. Qc1+ Rff4 53. Qe3 g6 (53... Kh7 $11 {deserves consideration.}) 54. Re2 ({White should play} 54. Kh1 $14) 54... Qf5 55. Qe8 Qf6 {[%emt 0:00:05] Against Qh8+} 56. Re6 Rd2+ {[%emt 0:00:01][%mdl 64] Discovered Attack, Deflection} 57. Kf1 $2 (57. Kg1 $11 Qd4+ 58. Re3 (58. Kh1 {is a self mate.} Rxh2+ 59. Kxh2 Qf2+ 60. Kh3 Qf1+ 61. Rg2 Qh1+ 62. Rh2 Qxf3#)) 57... Rxf3+ {[%emt 0:00:02] Black mates.} ({But not} 57... Qxb2 58. Qxg6#) 58. Ke1 Rf1+ ({Don't do} 58... Rxb2 59. Rxg6+ Kh7 60. Qg8#) 59. Kxd2 Qxb2+ 60. Kd3 Qb1+ 61. Ke2 Qd1+ 62. Ke3 Qd4+ 63. Ke2 Rf2+ 64. Ke1 Qd2# {[%emt 0:00:17] What a fight!   Weighted Error Value: White=0.38/Black=0.20 (precise)} 0-1

[Event "Romanian Rapid Open 2022"]
[Site "Sebes"]
[Date "2022.12.02"]
[Round "5.2"]
[White "Miron, Lucian-Costin"]
[Black "Ghimpu, Samuel-Timotei"]
[Result "1-0"]
[ECO "A11"]
[WhiteElo "2510"]
[BlackElo "2455"]
[Annotator "TA"]
[PlyCount "121"]
[EventDate "2022.12.02"]
[EventType "rapid"]
[EventCountry "ROU"]
[SourceTitle "playchess.com"]
[Source "ChessBase"]
[SourceQuality "1"]
[TimeControl "600+5"]

1. Nf3 d5 2. g3 g6 3. c4 c6 4. Bg2 Bg7 5. Qa4 Nd7 6. cxd5 {[%emt 0:00:07] A11: English Opening: 1...c6.} Nb6 {[%emt 0:00:00] [#]} 7. Qd1 $146 {[%emt 0:00:28] dxc6 is the strong threat.} (7. Qb3 $5 ) ({Predecessor:} 7. Qa3 cxd5 8. O-O Nf6 9. d3 O-O 10. Be3 Re8 11. Bd4 Nbd7 12. Ne5 Ng4 13. Nxf7 Kxf7 14. Bxd5+ {0-1 (38) Andreikin,D (2729)-Bharath,S (2479) Chess.com INT 2022}) 7... cxd5 8. d4 {[%emt 0:00:19] Against e5. The position is equal.} Nh6 9. O-O O-O 10. Nc3 Nf5 11. Bf4 Bd7 12. Rc1 Rc8 13. b3 Re8 14. h3 Bc6 15. g4 Nd6 16. Ne5 f6 17. Nxc6 bxc6 18. Bg3 f5 19. e3 e6 20. Rc2 c5 21. Ne2 cxd4 (21... c4 $11 {should be considered.}) 22. Nxd4 Ne4 23. Bxe4 $1 dxe4 24. Rd2 {[%emt 0:00:28][%cal Od4f5] Inhibits f4.} (24. Nc6 $5 Qxd1 25. Rxd1 $14) 24... Qe7 25. Nb5 Red8 26. Nd6 Ra8 27. Nc4 (27. gxf5 $14 exf5 28. b4) 27... Nd5 $11 28. Qc1 (28. gxf5 $11 {remains equal.} Nc3 29. Rxd8+ Rxd8 30. f6 Qxf6 31. Qc2) 28... a5 ({Black should play} 28... fxg4 $17 29. h4 (29. hxg4 Qg5 $17) 29... Qf8) 29. Rfd1 Rdc8 30. Rxd5 exd5 31. Rxd5 fxg4 32. hxg4 a4 {[%emt 0:00:03] Threatens to win with ...axb3.} 33. Kg2 {[%emt 0:00:09] [#]} (33. Qd1 $11 {keeps the balance.}) 33... axb3 $1 $17 34. axb3 Qe6 (34... Qf6 $17 35. Qd2 Qf3+ 36. Kh2 Bf6) 35. Qd1 $15 h6 ({Better is} 35... Rf8 $15) 36. Rd6 $1 $14 Qf7 {[%emt 0:00:09] [#]} 37. Qd5 (37. Ne5 $1 $16 Bxe5 38. Bxe5) 37... Qxd5 $11 38. Rxd5 Re8 39. b4 Ra4 {[%emt 0:00:02] Inhibits b5.} 40. Nd6 Rd8 41. b5 Bf8 42. Nxe4 Rxd5 43. Nf6+ Kf7 44. Nxd5 {[%emt 0:00:01][%mdl 4096] Endgame Hoping for b6. KRB-KBN} Ke6 {[%emt 0:00:11] Prevents b6.} 45. b6 {[%emt 0:00:37] Black must now prevent b7.} Kxd5 46. b7 Rb4 $1 47. b8=Q ({Much worse is} 47. b8=B Ke4 48. Bgf4 Rb2 $17) ({Don't play} 47. b8=R $6 Rxb8 48. Bxb8 Be7 $16) 47... Rxb8 48. Bxb8 {[%emt 0:00:01] Strongly threatening Kf1. KB-KB} Ke4 $1 49. Bf4 g5 $2 {[%emt 0:00:10][%mdl 8192] This move loses the game for Black.} (49... h5 $16) 50. Bc7 $18 {[%emt 0:00:01] White is clearly winning.} Bc5 51. Bd8 Bd6 52. Bf6 Bf8 53. Bd4 Kd5 54. Kf3 Ke6 55. Ke4 Bd6 56. Bg7 Kf7 57. Be5 ({Worse is} 57. Bxh6 Kg6 $11) 57... Bb4 58. Kf5 Be1 59. f3 Bf2 60. e4 Bb6 61. Bf6 {[%emt 0:00:03] Weighted Error Value: White=0.15 (very precise) /Black=0.14 (very precise)} 1-0

[Event "Romanian Rapid Open 2022"]
[Site "Sebes"]
[Date "2022.12.02"]
[Round "5.3"]
[White "Nevednichy, Vladislav"]
[Black "Ileana, George"]
[Result "0-1"]
[ECO "B94"]
[WhiteElo "2499"]
[BlackElo "2343"]
[Annotator "TA"]
[PlyCount "102"]
[EventDate "2022.12.02"]
[EventType "rapid"]
[EventCountry "ROU"]
[SourceTitle "playchess.com"]
[Source "ChessBase"]
[SourceQuality "1"]
[TimeControl "600+5"]

1. e4 c5 2. Nf3 d6 3. d4 cxd4 4. Nxd4 Nf6 5. Nc3 a6 6. Bg5 Nbd7 7. f4 h6 8. Bh4 g6 {[%emt 0:00:07] B94: Sicilian Najdorf: 6 Bg5 Nbd7.} (8... e5 $11 9. Nf5 Qb6) 9. Qf3 (9. Qe2 $5 ) 9... Bg7 10. O-O-O O-O {[%emt 0:00:11] White has an edge.} 11. g4 e5 {[%emt 0:00:11] [#]} 12. Nf5 $146 ({Predecessor:} 12. fxe5 Nxe5 13. Bxf6 Bxf6 14. Qg2 Bxg4 15. Be2 Bxe2 16. Ncxe2 Qb6 17. h4 Rac8 18. Nf4 {0-1 (55) Tang,A-Gao,Y Al Ain 2013}) 12... exf4 (12... gxf5 $14 13. gxf5 Kh7) 13. Nxg7 $18 (13. Nxd6 g5 14. Nxc8 Qxc8 $17) 13... Kxg7 (13... Ne5 $142 14. Qxf4 g5) 14. Qxf4 $2 (14. Rxd6 g5 15. Bf2 Qe7 $15) (14. g5 $1 $18 hxg5 15. Bxg5) 14... g5 $14 {[%emt 0:01:11] [#]} 15. Bxg5 hxg5 16. Qxg5+ Kh8 17. Rxd6 Nh7 $36 {[%emt 0:00:26][%mdl 2048] Black has the initiative. Pair of Knights!} 18. Qxd8 Rxd8 19. Bc4 Rf8 $1 20. h3 b5 21. Bd5 Rb8 22. h4 Rb6 23. e5 (23. Rxb6 $1 $11 {keeps the balance.} Nxb6 24. g5) 23... Rxd6 $17 24. exd6 Ndf6 (24... b4 $1 $17 25. Na4 Nhf6) 25. Bb3 (25. g5 $11 b4 26. gxf6 bxc3 27. bxc3) 25... Bxg4 26. a4 ({White should try} 26. Re1) 26... b4 27. Na2 a5 28. c3 bxc3 $1 29. Nxc3 {[%emt 0:00:01] [#]} Be6 $2 (29... Nd7 $1 $17 {White must now prevent ...f5.} 30. Rf1 Nhf6) 30. Bxe6 $11 fxe6 31. Re1 Re8 32. Re5 Nf8 33. Rxa5 e5 34. Ra7 {[%emt 0:00:08][%mdl 1024] White has compensation.} N8d7 35. Nd1 (35. a5 $14) 35... Rc8+ 36. Rc7 Ra8 37. b3 Ra6 38. Ne3 {[%emt 0:00:12] Nc4 is the strong threat.} Rxd6 (38... Kg8 {is interesting.} 39. Nc4 Kf7 40. a5 Ke6) 39. Nc4 Rd3 (39... Re6 $11) 40. Kc2 (40. a5 $1 $14 Rxb3 41. a6 Rc3+ 42. Kb1 (42. Kb2 Nb6 $11) 42... Rb3+ 43. Kc2 Rc3+ 44. Kb1 (44. Kxc3 Nd5+ 45. Kc2 Nxc7 $11) 44... Rb3+ 45. Kc2) 40... e4 $1 $15 41. a5 (41. Nb2 $15 Rd5 42. Nc4) 41... Nd5 $17 42. Rc8+ Kg7 43. a6 $2 (43. h5) 43... Nb4+ $19 44. Kb2 {[%emt 0:00:05] aiming for a7.} Nxa6 45. h5 Nac5 46. Na5 (46. b4 $142 Rb3+ 47. Kc2 Rxb4 48. Nd6) 46... e3 {[%emt 0:00:21][%cal Be4e3,Be3e2][%mdl 32] Hoping for ...Kf7.} 47. b4 {[%emt 0:00:04] [#]} Rd2+ (47... Kf7 $142 $1 48. Rxc5 Nxc5 49. Nc6 Na4+ 50. Kc2 Rd5 51. b5 e2 52. Nb4 e1=Q 53. Nxd5 Qe4+ 54. Kd2 Qxd5+ 55. Kc2 Qd4 56. b6 Qc3+ 57. Kd1 Qb2 58. Ke1 Nc3 59. Kf1 Ne4 60. Kg1 Qf2+ 61. Kh1 Ng3#) 48. Ka3 Ne4 49. h6+ Kxh6 {[%emt 0:00:05] ( -> ...e2)} 50. Rc1 e2 51. Re1 Ng3 {[%emt 0:00:04] Both players deserved the win here.   Weighted Error Value: White=0.63/Black=0.36} 0-1

[Event "Romanian Rapid Open 2022"]
[Site "Sebes"]
[Date "2022.12.02"]
[Round "5.4"]
[White "Filip, Lucian-Ioan"]
[Black "Gavrilescu, David"]
[Result "0-1"]
[ECO "E01"]
[WhiteElo "2370"]
[BlackElo "2523"]
[Annotator "TA"]
[PlyCount "92"]
[EventDate "2022.12.02"]
[EventType "rapid"]
[EventCountry "ROU"]
[SourceTitle "playchess.com"]
[Source "ChessBase"]
[SourceQuality "1"]
[TimeControl "600+5"]

1. Nf3 d5 2. d4 Nf6 3. c4 e6 4. g3 Bb4+ 5. Bd2 Bd6 6. Nc3 {[%emt 0:00:07] E01: Catalan: Early deviations.} Nbd7 7. Qc2 O-O (7... dxc4 $11 8. e4 c5) 8. e4 (8. c5 $1 $14 Be7 9. Bg2) 8... dxe4 9. Nxe4 Nxe4 10. Qxe4 e5 $1 11. O-O-O ({Of course not} 11. Nxe5 Nxe5 12. dxe5 Bxe5 $17) 11... Nf6 12. Qh4 (12. Qc2 $1 $15 Bg4 13. Bg2 exd4 14. Nxd4) 12... Bg4 $17 13. Be2 e4 14. Ng1 {[%emt 0:00:06][%cal Bf3g1,Bg1e2,Be2c3][%mdl 32] [#]} Qd7 $146 ({Predecessor:} 14... Bf5 15. h3 Qd7 16. Qg5 Bg6 17. Qe3 a6 18. Kb1 b5 19. Ka1 Rfc8 20. Bc3 bxc4 21. Bxc4 {0-1 (46) Kobo,O (2412)-Nakar,E (2419) Jerusalem 2015}) 15. Bg5 $1 Bxe2 16. Nxe2 Ng4 17. c5 f6 18. Be3 Be7 19. Nc3 f5 20. Qh3 b6 21. Qf1 Qe6 $36 {[%emt 0:01:14][%mdl 2048] White is under pressure.} 22. d5 Nxe3 23. dxe6 (23. fxe3 $15 Qf7 24. c6) 23... Nxf1 24. Rhxf1 Bxc5 25. Rd7 Rfe8 (25... Rae8 {simplifies} 26. Rxc7 Rxe6 27. Rxa7 Rh6) 26. Nb5 $1 Re7 (26... Rad8 $15 27. f3 exf3 28. Rxf3 Rxd7 29. exd7 Rd8) 27. Nxc7 (27. Rfd1 $1 $11 {keeps the balance.} g6 28. Rxe7 (28. Rxc7 Rxc7 29. Nxc7 Rc8 $15) (28. Nxc7 Rc8 $15) 28... Bxe7 29. Rd7) 27... Rc8 (27... Rxd7 $17 28. exd7 Rd8) 28. Nd5 (28. Rfd1 $11 {remains equal.} g6 29. Rxe7 Bxe7 30. Rd7) 28... Rxe6 (28... Bxf2+ $2 29. Kb1 Rxd7 30. exd7 $18) 29. Kb1 a5 30. a3 Kf8 31. Ne3 Rf6 32. Rfd1 Re8 33. Rb7 {[%emt 0:00:04] [#]} (33. b4 $1 $15 Bxe3 34. fxe3) 33... Re7 (33... f4 $1 $19 34. gxf4 Rxf4) 34. Rxe7 Bxe7 {[%emt 0:00:02][%mdl 4096] Endgame KRB-KRN} 35. Rd7 {[%emt 0:00:07] [#]} Bc5 $1 36. Rb7 f4 {[%emt 0:00:04] Prevents b4.} 37. Nd5 (37. gxf4 {is tougher.} Rxf4 38. b4) 37... fxg3 38. fxg3 Rd6 39. Nc3 e3 40. Rb8+ Kf7 41. Rb7+ Kg6 42. Re7 Rd2 43. Re8 Rxh2 {[%emt 0:00:05] Black is clearly winning.} 44. Na4 (44. Kc1 $142 Rg2 45. Re4) 44... Bd4 $19 {[%emt 0:00:02] Strongly threatening ...b5.} 45. Re4 {[%emt 0:00:02] Prevents b5.} e2 {[%emt 0:00:03] Hoping for ...Rh1+.} 46. Ka2 b5 {[%emt 0:00:05] Weighted Error Value: White=0.72/Black=0.22 (precise)} 0-1